Map: Mech Depot LE

Players

Neeb - Winner!

  • Race: Protoss Protoss
  • Spawn Location: 7:00

MaNa

  • Race: Protoss Protoss
  • Spawn Location: 1:00

Event: WCS Montreal 2017

VOD

Have the link to the VOD?

Description

Time

  • Played on: Sept. 8, 2017, 6:34 p.m.
  • Length: 7:54

All games in this series

Show
View Real Time Build Order
Export as new Build Order

Neeb Protoss - Winner!

Build Orders: Dark Templar Rush 

Get SALT Encoding   

  12  0:02  Probe (Chrono Boost)  
  13  0:12  Probe (Chrono Boost)  
  14  0:18  Pylon  
  14  0:23  Probe (Chrono Boost)  
  15  0:36  Probe (Chrono Boost), Gateway  
  16  0:43  Assimilator  
  16  0:47  Probe (Chrono Boost)  
  17  0:51  Assimilator  
  17  0:57  Probe (Chrono Boost)  
  18  1:08  Probe (Chrono Boost)  
  18  1:10  Gateway  
  19  1:18  Probe (Chrono Boost)  
  19  1:24  Cybernetics Core  
  20  1:29  Probe (Chrono Boost)  
  21  1:32  Pylon  
  22  1:40  Probe (Chrono Boost)  
  22  1:50  Probe (Chrono Boost)  
  23  2:01  Mothership Core (Chrono Boost), Warp Gate (Chrono Boost)  
  25  2:04  Adept x2  
  29  2:12  Pylon  
  29  2:19  Probe (Chrono Boost)  
  30  2:25  Twilight Council  
  30  2:50  Nexus  
  30  2:53  Probe  
  32  3:05  Probe  
  32  3:06  Dark Shrine  
  32  3:17  Probe  
  33  3:22  Pylon  
  33  3:28  Pylon  
  33  3:29  Probe (Chrono Boost)  
  34  3:41  Probe (Chrono Boost)  
  35  3:51  Probe (Chrono Boost)  
  36  3:57  Robotics Facility  
  36  3:58  Pylon  
  36  4:02  Probe (Chrono Boost)  
  37  4:06  Probe (Chrono Boost)  
  36  4:12  Probe (Chrono Boost)  
  35  4:18  Dark Templar x2  
  35  4:21  Probe (Chrono Boost)  
  35  4:23  Probe (Chrono Boost)  
  41  4:24  Pylon  
  41  4:30  Probe (Chrono Boost), Blink (Chrono Boost)  
  41  4:33  Probe (Chrono Boost)  
  43  4:38  Assimilator  
  43  4:40  Probe  
  45  4:45  Probe  
  45  4:51  Probe, Dark Templar  
  47  4:57  Probe  
  47  4:59  Assimilator  
  49  5:01  Probe  
  50  5:07  Observer  
  50  5:09  Probe  
  50  5:12  Probe  
  53  5:17  Gateway x2  
  53  5:19  Gateway  
  53  5:22  Probe  
  53  5:23  Probe  
  55  5:33  Stalker x2  
  59  5:36  Warp Prism (Chrono Boost)  
  59  5:47  Gateway  
  59  5:49  Gateway  
  59  5:56  Nexus  
  59  6:00  Pylon  
  59  6:08  Stalker x2  
  63  6:15  Stalker x2  
  67  6:33  Pylon  
  67  6:37  Pylon  
  67  6:40  Stalker x4  
  67  6:41  Stalker  
  77  6:53  Probe x2  
  73  6:55  Stalker  
  73  6:56  Stalker  
  75  7:05  Probe  
  75  7:07  Stalker x3  
  72  7:30  Stalker x6  
  72  7:32  Sentry  
Show
View Real Time Build Order
Export as new Build Order

MaNa Protoss 

Build Orders: Blink Stalkers 

Get SALT Encoding   

  12  0:00  Probe (Chrono Boost)  
  13  0:11  Probe (Chrono Boost)  
  14  0:17  Pylon  
  14  0:22  Probe (Chrono Boost)  
  16  0:35  Probe (Chrono Boost)  
  16  0:37  Gateway  
  16  0:46  Probe (Chrono Boost)  
  16  0:47  Assimilator  
  17  0:52  Assimilator  
  17  0:56  Probe (Chrono Boost)  
  18  1:03  Gateway  
  18  1:07  Probe (Chrono Boost)  
  19  1:18  Probe (Chrono Boost)  
  20  1:26  Cybernetics Core  
  20  1:28  Probe (Chrono Boost)  
  21  1:33  Pylon  
  21  1:39  Probe (Chrono Boost)  
  22  1:49  Probe (Chrono Boost)  
  23  2:02  Stalker  
  23  2:03  Mothership Core (Chrono Boost), Warp Gate (Chrono Boost)  
  29  2:18  Pylon  
  27  2:35  Probe, Nexus  
  28  2:47  Stalker (Chrono Boost)  
  28  2:49  Probe  
  31  2:56  Stalker (Chrono Boost)  
  32  3:01  Probe  
  33  3:13  Probe  
  33  3:16  Stalker (Chrono Boost)  
  36  3:22  Twilight Council  
  36  3:25  Probe  
  37  3:44  Gateway  
  37  3:47  Probe  
  37  3:49  Probe  
  39  3:58  Blink  
  39  3:59  Stalker  
  39  4:00  Stalker  
  39  4:15  Robotics Facility  
  39  4:19  Probe  
  39  4:20  Probe  
  41  4:25  Sentry  
  43  4:31  Probe (Chrono Boost)  
  43  4:34  Probe (Chrono Boost)  
  45  4:42  Probe (Chrono Boost)  
  45  4:43  Sentry  
  45  4:45  Probe (Chrono Boost)  
  45  4:53  Probe (Chrono Boost)  
  45  4:55  Probe (Chrono Boost)  
  45  4:57  Sentry  
  49  5:03  Probe (Chrono Boost)  
  49  5:04  Probe (Chrono Boost)  
  49  5:06  Observer (Chrono Boost)  
  51  5:14  Probe  
  51  5:15  Probe  
  53  5:25  Probe  
  54  5:29  Probe  
  54  5:40  Pylon  
  54  5:42  Probe (Chrono Boost)  
  54  5:48  Pylon  
  54  5:53  Gateway  
  54  5:58  Warp Prism (Chrono Boost), Probe (Chrono Boost)  
  54  6:00  Sentry, Stalker  
  54  6:03  Probe (Chrono Boost)  
  62  6:06  Stalker  
  62  6:10  Pylon  
  62  6:11  Probe (Chrono Boost)  
  64  6:13  Probe (Chrono Boost)  
  66  6:23  Stalker  
  66  6:24  Pylon  
  66  6:25  Stalker  
  70  6:28  Probe  
  70  6:31  Stalker  
  70  6:32  Observer (Chrono Boost)  
  74  6:42  Gateway x2  
  74  6:45  Assimilator  
  74  6:52  Stalker  
  60  7:05  Stalker x3  
  57  7:14  Probe  
  57  7:15  Stalker  
  54  7:16  Probe  
  52  7:25  Probe  
  52  7:28  Probe  
  54  7:36  Probe (Chrono Boost)  
  54  7:40  Probe (Chrono Boost)  
  56  7:44  Stalker  
  59  7:51  Pylon  
Tags
 
Add a new tag
Caveats
  • Supply blocks, unpowered buildings, or Contaminate may cause inaccurate times.
  • Supply counts are checked every 10 seconds.